 Dungeon Crawl Stone Soup version 0.30-a0-743-gbfdf073431 (webtiles) character file.

Game seed: 2359477098629718485

175 Rrauwl the Shield-Bearer (level 5, -3/36 HPs)
             Began as an Octopode Fighter on Feb 8, 2023.
             Was an Initiate of Hepliaklqana.
             Killed by divine providence
             ... invoked by an orc priest
              (14 damage)
             ... on level 3 of the Dungeon.
             The game lasted 00:05:38 (1710 turns).

Rrauwl the Shield-Bearer (Octopode Fighter)         Turns: 1710, Time: 00:05:38

Health: -3/36      AC:  1    Str: 15    XL:     5   Next: 55%
Magic:  5/5        EV: 14    Int: 10    God:    Hepliaklqana [......]
Gold:   50         SH:  5    Dex: 14    Spells: 4/4 levels left

rFire   . . .      SeeInvis .    a - +0 war axe
rCold   . . .      Faith    .    g - +0 buckler
rNeg    . . .      Spirit   .    (helmet restricted)
rPois   .          Reflect  .    (no amulet)
rElec   .          Harm     .    (no ring)
rCorr   .          Rampage  .    (no ring)
Will    .....      Clarity  +    (no ring)
Stlth   ++                       (no ring)
HPRegen 0.26/turn                (no ring)
MPRegen 0.09/turn                (no ring)
                                 (no ring)
                                 (no ring)

@: no status effects
A: almost no armour, amphibious, 8 rings, camouflage 1, gelatinous body 1,
(nimble swimmer 1), tentacles, clarity, MP-powered wands
a: Renounce Religion


You were on level 3 of the Dungeon.
You worshipped Hepliaklqana.
Hepliaklqana was noncommittal.
You visited 1 branch of the dungeon, and saw 3 of its levels.

You collected 203 gold pieces.
You spent 153 gold pieces at shops.

Inventory:

Hand Weapons
 a - a +0 war axe (weapon)
 b - a +0 mace
Armour
 g - a +0 buckler (worn)
 l - a +0 kite shield
Scrolls
 d - a scroll of amnesia
 j - 2 scrolls of fear
Potions
 c - a potion of might
 m - a potion of curing


   Skills:
 - Level 3.0 Fighting
 + Level 3.5 Axes
 + Level 4.2 Dodging
 + Level 4.2 Shields


You had 4 spell levels left.
You didn't know any spells.
Your spell library contained the following spells:

 Spells                   Type           Power      Damage    Failure   Level
 Apportation              Tloc           0%         N/A       43%         1
 Freeze                   Ice            0%         1d3       43%         1
 Magic Dart               Conj           0%         1d3       43%         1
 Necrotise                Necr           0%         1d4       43%         1
 Summon Small Mammal      Summ           0%         N/A       43%         1
 Call Imp                 Summ           0%         N/A       58%         2
 Frozen Ramparts          Ice            0%         1d1       82%         3
 Hailstorm                Conj/Ice       0%         3d3       82%         3
 Mephitic Cloud           Conj/Pois/Air  0%         N/A       82%         3


Dungeon Overview and Level Annotations

Branches:
Dungeon (3/15)

Altars:
Hepliaklqana

Shops:
D:3 *

Annotations:
D:3 3 runed translucent doors, toympanos's ghost, amateur MfSu


Innate Abilities, Weirdness & Mutations

You cannot wear most types of armour.
You are amphibious.
You can wear up to eight rings at the same time.
Your skin changes colour to match your surroundings (Stealth+).
Your rubbery body absorbs attacks. (AC +1, EV +1)
((You are camouflaged when in or above water. (Stealth+)))
You have tentacles for arms and can constrict up to eight enemies at once.
You possess an exceptional clarity of mind.
You expend magic power (3 MP) to strengthen your wands.


Message History

As you read the scroll labelled NEECWAEFIA, it crumbles to dust.
The air around you briefly surges with heat, but it dissipates.
It was a scroll of immolation.
d - a scroll of amnesia An orc comes into view.
It is wielding a +0 flail.
An orc priest and an orc come into view.
An orc comes into view. It is wielding a +0 flail.
The orc shouts!
The orc shouts! x2; The orc priest shouts!
You slash the orc!
You kill the orc!
You barely miss the orc. You grab the orc. You squeeze the orc.
The orc is heavily wounded.
You constrict the orc. The orc misses you.
You hit the orc.
The orc is almost dead.
You constrict the orc.
You kill the orc!
You slash the orc!
You kill the orc!
The orc priest calls down the wrath of Beogh upon you.
Beogh smites you!
The orc priest calls down the wrath of Beogh upon you.
Pain shoots through your body!
Items here: ))) †.
You are too injured to fight recklessly!
You are too injured to fight recklessly!
You are too injured to fight recklessly!
You closely miss the orc priest. Your grab misses the orc priest.
The orc priest hits you with a +0 short sword.
You barely miss the orc priest. Your grab misses the orc priest.
The orc priest closely misses you.
You hit the orc priest. You grab the orc priest.
You squeeze the orc priest, but do no damage.
The orc priest is moderately wounded.
You constrict the orc priest.
The orc priest hits you with a +0 short sword.
The orc priest invokes the aid of Beogh against you.
Beogh smites you!
You die...

### #.#***************
#..,,,,,,,,,,,,,,,
#.#*************** #o#
#@# #.# #.# #.# #.#
############## #.#
#............# #.#
#............# #.#
#...[........#
########.###.....>......#


You could see an orc priest.

Vanquished Creatures
  A necrophage (D:3)
  4 adders
  3 dart slugs
  3 orcs (D:3)
  4 endoplasms
  3 giant cockroaches
  4 goblins
  6 hobgoblins
  8 jackals (D:2)
  2 quokkas
  8 ball pythons
  8 bats
  2 frilled lizards (D:1)
  6 kobolds
  4 rats
66 creatures vanquished.

Notes
Turn   | Place    | Note
-------+----------+-------------------------------------------
     0 | D:1      | Rrauwl the Octopode Fighter began the quest for the Orb.
     0 | D:1      | Reached XP level 1. HP: 16/16 MP: 1/1
   122 | D:1      | Reached XP level 2. HP: 18/21 MP: 2/2
   291 | D:1      | Reached XP level 3. HP: 18/26 MP: 3/3
   874 | D:2      | Found a hazy altar of Hepliaklqana.
   882 | D:2      | Became a worshipper of Hepliaklqana the Forgotten
   896 | D:2      | Reached XP level 4. HP: 17/31 MP: 4/4
  1129 | D:2      | Found a faded altar of an unknown god.
  1472 | D:3      | Noticed a necrophage
  1475 | D:3      | Gained mutation: You occasionally shout uncontrollably at
                  | your foes. [potion of mutation]
  1476 | D:3      | Lost mutation: You occasionally shout uncontrollably at
                  | your foes. [potion of mutation]
  1476 | D:3      | Gained mutation: You expend magic power (3 MP) to
                  | strengthen your wands. [potion of mutation]
  1476 | D:3      | Gained mutation: You possess an exceptional clarity of
                  | mind. [potion of mutation]
  1482 | D:3      | Killed a necrophage
  1483 | D:3      | Reached XP level 5. HP: 36/36 MP: 5/5
  1615 | D:3      | Found Yhothaa's Assorted Antiques.
  1623 | D:3      | Bought a scroll labelled SINEFYH SOEWNANTAE for 24 gold
                  | pieces
  1623 | D:3      | Bought a kite shield for 108 gold pieces
  1623 | D:3      | Bought a cyan potion for 21 gold pieces
  1635 | D:3      | Found a runed translucent gate.
  1636 | D:3      | Found a runed translucent gate.
  1636 | D:3      | Noticed toympanos's ghost (amateur MfSu)
  1643 | D:3      | Found a runed translucent gate.
  1710 | D:3      | Killed from afar by an orc priest

Illustrated notes

Levels and vault maps discovered:
D:1:      dpeg_arrival_solitude, layout_basic
D:2:      layout_loops_ring, basic_altar, dreamdust_ecumenical_altar_statues
D:3:      layout_basic, serial_shops, nicolae_shop_advertising_works
          [nicolae_subvault_shop_adworks], gammafunk_ghost_necromancy

Skill      XL: |  1  2  3  4 |
---------------+-------------+-----
Axes           | 3 |  3.5
Dodging        | 4 |  4.2
Shields        | 4 |  4.2
Fighting       | |  3.0

Action                     |  1- 3 |  4- 6 || total
---------------------------+-------+-------++-------
  Melee: War axe           |    73 |    40 ||   113
         Constrict         |    16 |    10 ||    26
         Tentacles         |    17 |    15 ||    32
         Punch             |     2 |       ||     2
    Use: Potion            |       |     4 ||     4
         Scroll            |       |     8 ||     8
   Stab: Sleeping          |    11 |     3 ||    14
 Armour: Skin              |     3 |     3 ||     6
  Dodge: Dodged            |    39 |    21 ||    60
  Block: Buckler           |    16 |     5 ||    21

Table legend: (Time is in decaauts)
 A = Elapsed time spent in this place.
 B = Non-inter-level travel time spent in this place.
 C = Inter-level travel time spent in this place.
 D = Time resting spent in this place.
 E = Time spent auto-exploring this place.
 F = Levels seen in this place.
 G = Mean time per level.
                   A        B        C        D        E       F      G
               +--------+--------+--------+--------+--------+-----+--------+
         Total |   1739 |   1674 |     65 |      0 |   1277 |   3 |  579.7 |
       Dungeon |   1739 |   1674 |     65 |      0 |   1277 |   3 |  579.7 |
               +--------+--------+--------+--------+--------+-----+--------+

Top non-repeatable levels by time:
     D:2: 809 daAuts
     D:1: 659 daAuts
     D:3: 270 daAuts
